 Dungeon Crawl Stone Soup version 0.31-a0-8-gd14b0f4ee2 (webtiles) character file.

Game seed: 12299072543385589687

292 mistaj the Shield-Bearer (level 6, -4/33 HPs)
             Began as a Vine Stalker Fighter on May 6, 2023.
             Slain by a gnoll
             ... wielding a +4 whip
              (10 damage)
             ... on level 3 of the Dungeon.
             The game lasted 00:03:27 (2483 turns).

mistaj the Shield-Bearer (Vine Stalker Fighter)     Turns: 2483, Time: 00:03:27

Health: -4/33      AC: 15    Str: 20    XL:     6   Next: 33%
Magic:  0/7        EV:  5    Int:  8    God:
Gold:   143        SH:  5    Dex: 14    Spells: 5/5 levels left

rFire   . . .        a - +0 war axe
rCold   . . .        c - +0 buckler
rNeg    . . .        h - +0 plate armour
rPois   .            (no helmet)
rElec   .            (no cloak)
rCorr   .            (no gloves)
SInv    .            (no boots)
Will    .....        (no amulet) Stlth
                     m - +4 ring of protection
HPRegen 1.05/turn    (no ring)
MPRegen 0.10/turn

%: guardian spirit
@: no status effects
A: fangs 2, regeneration 1, magic shield, antimagic bite, no potion heal 2
a: no special abilities


You were on level 3 of the Dungeon.
You visited 1 branch of the dungeon, and saw 3 of its levels.

You collected 143 gold pieces.

Inventory:

Hand Weapons
 a - a +0 war axe (weapon)
Missiles
 o - a throwing net (quivered)
Armour
 c - a +0 buckler (worn)
 h - a +0 plate armour (worn)
Jewellery
 m - a +4 ring of protection (left hand)
Scrolls
 g - a scroll of noise {unknown}
 i - 3 scrolls of identify {unknown}
 n - a scroll of vulnerability {unknown}
Potions
 b - 3 potions of curing {unknown}
 d - 3 potions of might
 e - 3 potions of cancellation {unknown}
 f - 2 potions of haste {unknown}
 j - a potion of brilliance {unknown}
 k - a potion of mutation {unknown}
 l - a potion of lignification {unknown}


   Skills:
 + Level 4.2 Fighting
 + Level 3.6 Axes
 - Level 2.4 Armour
 + Level 4.2 Shields


You had 5 spell levels left.
You didn't know any spells.
Your spell library was empty.

Dungeon Overview and Level Annotations

Branches:
Dungeon (3/15)

Altars:
Nemelex Xobeh

Shops:
D:3 =


Innate Abilities, Weirdness & Mutations

You have extremely sharp teeth.
Your natural rate of healing is unusually fast.
When hurt, damage is shared between your health and your magic reserves.
Your bite disrupts and absorbs the magic of your enemies.
Potions cannot restore your health.


Message History

You slash the orc priest! The orc priest barely misses you.
Your Fighting skill increases to level 4!
You have reached level 6!
You hit the orc priest. You bite the orc priest. You drain its power.
You feel invigorated.
The orc priest is almost dead.
The orc priest begins to cast a cantrip, but forgets the words!
You closely miss the orc priest. You bite the orc priest.
You kill the orc priest!
No target in view!
Things that are here:
a +0 dagger; a +0 scale mail; an orc corpse
Things that are here:
a +0 spear; a +0 ring mail; a gnoll corpse
Things that are here:
a +0 dagger; a +0 scale mail; an orc corpse A gnoll comes into view.
It is wielding a +4 whip.
The gnoll shouts!
There is a huge open gate here.
The gnoll shouts!
The gnoll hits you with a +4 whip.
You closely miss the gnoll. The gnoll hits you with a +4 whip.
You hit the gnoll but do no damage. The gnoll hits you with a +4 whip.
You hit the gnoll but do no damage.
The gnoll hits you from afar with a +0 halberd.
You block the gnoll's attack. The gnoll hits you but does no damage.
The gnoll barely misses you. The gnoll hits you with a +0 whip.
You closely miss the gnoll. You hit the gnoll.
The gnoll hits you but does no damage.
The gnoll hits you from afar with a +0 halberd!
The gnoll hits you with a +4 whip.
You are too injured to fight recklessly!
There is a huge open gate here.
The gnoll attacks as you move away! The gnoll hits you with a +0 whip.
An orc comes into view.
It is wielding a +0 falchion of freezing.
The gnoll attacks as you move away! The gnoll hits you but does no damage.
The gnoll attacks as you move away! The gnoll hits you with a +4 whip!
* * * LOW HITPOINT WARNING * * *
The gnoll attacks as you move away! The gnoll hits you with a +4 whip!
You die...

#....# # #...)# # #..).# #
#....# # +# #....# # #
.#############''''########
#.
.#...............g........
#.g
##~~~~≈~≈≈~~~~.gg.~~~~~~~~
~###
≈≈≈~≈≈≈≈≈~≈≈≈~..@.≈~≈≈~≈≈≈
≈≈≈≈
~≈~≈~≈≈†~~~~~~....~~≈~~~~≈
~~~~
.......)........†)........
....
#####.#######...##########
#### #.# #.### ##.## ##.##
#...#####...##
#.....##..)).#
#...#.###..)########


You could see 3 gnolls.

Vanquished Creatures
  A gnoll sergeant (D:3)
  2 hounds (D:3)
  An orc priest (D:3)
  4 gnolls (D:3)
  3 adders
  2 worms (D:2)
  A dart slug (D:3)
  7 orcs (D:3)
  An endoplasm (D:2)
  2 giant cockroaches (D:3)
  5 goblins
  4 hobgoblins
  12 jackals (D:3)
  2 quokkas
  4 ball pythons
  2 bats (D:2)
  3 frilled lizards
  4 kobolds
  9 rats
69 creatures vanquished.

Vanquished Creatures (others)
  2 plants (D:3)
2 creatures vanquished.

Grand Total: 71 creatures vanquished

Notes
Turn   | Place    | Note
-------+----------+-------------------------------------------
     0 | D:1      | mistaj the Vine Stalker Fighter began the quest for the
                  | Orb.
     0 | D:1      | Reached XP level 1. HP: 11/11 MP: 2/2
   135 | D:1      | Reached XP level 2. HP: 15/16 MP: 3/3
   408 | D:1      | You fall into a shaft and drop 1 floor!
   715 | D:2      | Reached XP level 3. HP: 13/20 MP: 4/4
  1804 | D:3      | Gained mutation: Your natural rate of healing is unusually
                  | fast. [Vine Stalker growth]
  1804 | D:3      | Reached XP level 4. HP: 24/24 MP: 5/5
  1825 | D:3      | Found a sparkling altar of Nemelex Xobeh.
  1999 | D:3      | Found Puicir's Jewellery Shop.
  2266 | D:3      | Reached XP level 5. HP: 20/28 MP: 2/6
  2459 | D:3      | Reached XP level 6. HP: 33/33 MP: 5/7
  2483 | D:3      | Slain by a gnoll

Illustrated notes

Levels and vault maps discovered:
D:1:      heliophobic_arrival_enchanted_forest, layout_basic, st_stairs_7
D:2:      layout_basic, minmay_rat_gold_closets
D:3:      lemuel_castle_with_subvaults [lemuel_castle_interior_carwin_2],
          layout_loops_corners, pf_just_have_faith, serial_shops, shop,
          nicolae_shop_getting_attention

Skill      XL: |  1  2  3  4  5 |
---------------+----------------+-----
Axes           | 2 3 |  3.6
Fighting       | 3 4 |  4.2
Shields        | 3 4 |  4.2
Armour         | |  2.4

Action                     |  1- 3 |  4- 6 || total
---------------------------+-------+-------++-------
  Melee: War axe           |    85 |    80 ||   165
         Bite              |    14 |    16 ||    30
 Armour: Scale mail        |     5 |       ||     5
         Plate armour      |    37 |    72 ||   109
  Dodge: Dodged            |    21 |    31 ||    52
  Block: Buckler           |    11 |    29 ||    40

Table legend: (Time is in decaauts)
 A = Elapsed time spent in this place.
 B = Non-inter-level travel time spent in this place.
 C = Inter-level travel time spent in this place.
 D = Time resting spent in this place.
 E = Time spent auto-exploring this place.
 F = Levels seen in this place.
 G = Mean time per level.
                   A        B        C        D        E       F      G
               +--------+--------+--------+--------+--------+-----+--------+
         Total |   2547 |   2505 |     42 |    296 |   1623 |   3 |  849.0 |
       Dungeon |   2547 |   2505 |     42 |    296 |   1623 |   3 |  849.0 |
               +--------+--------+--------+--------+--------+-----+--------+

Top non-repeatable levels by time:
     D:3: 940 daAuts
     D:1: 811 daAuts
     D:2: 796 daAuts
